[Event "ICC tourney 2163 (75 10)"]
[Site "Internet Chess Club"]
[Date "2020.11.28"]
[Round "4"]
[White "MiamiBoy"]
[Black "pandaexpress"]
[Result "1/2-1/2"]
[ICCResult "Game drawn by repetition"]
[WhiteElo "2251"]
[BlackElo "2420"]
[Opening "Sicilian"]
[ECO "B56"]
[NIC "SI.25"]
[Time "11:03:34"]
[PlyCount "164"]
[TimeControl "4500+10"]


1. e4 c5 2. Nf3 d6 3. d4 Nf6 4. Nc3 cxd4 5. Nxd4 Nc6 6. f3 e5 7. Nb3 h6 8.
Be3 Be7 9. Qd2 O-O 10. O-O-O a5 11. Bb5 Be6 12. g4 Na7 13. Bxa7 Rxa7 14.
Qe3 Ra8 15. h4 Nd7 16. Qf2 Qb6 17. Qe2 Rfc8 18. a4 Nc5 19. Nd2 Na6 20. Nc4
Qc5 21. Ne3 Nb4 22. Ned5 Bd8 23. Kb1 Nc6 24. Rd2 Nd4 25. Qf2 Qa7 26. Rhd1
Rc5 27. Bf1 Rac8 28. Nb5 Nxb5 29. Bxb5 Bxd5 30. Rxd5 Bb6 31. Rxc5 Bxc5 32.
Qd2 Qb6 33. Qd5 Qc7 34. h5 Qe7 35. Bc4 Rc7 36. Qd2 Bb4 37. Qd3 Bc5 38. Rf1
Qg5 39. c3 Kf8 40. Bd5 Qe3 41. Qb5 Bb6 42. Bc4 Qc5 43. Qxc5 Bxc5 44. Kc2
Ke7 45. Kd3 Kf6 46. f4 exf4 47. Rxf4+ Kg5 48. Rf5+ Kxg4 49. Bxf7 Re7 50.
Bd5 Bg1 51. Rf7 Rxf7 52. Bxf7 Kf4 53. Bd5 b6 54. Kc4 Ke5 55. Bc6 Kf6 56.
Be8 Ke7 57. Bc6 Kd8 58. b4 Kc7 59. Kd5 Bh2 60. bxa5 bxa5 61. Bb5 Bg3 62. c4
Bf2 63. e5 dxe5 64. Kxe5 Kb6 65. Kd5 Bg1 66. Ke6 Bf2 67. Kf7 Bd4 68. Ke6
Bg1 69. Kf7 Bd4 70. Ke6 Bg1 71. Kd5 Bf2 72. Ke6 Bg1 73. Kf7 Bd4 74. Ke6 Bg1
75. Kf7 Bd4 76. Ke6 Bg1 77. Kf7 Bd4 78. Ke6 Bg1 79. Kf7 Bd4 80. Ke6 Bg1 81.
Kf7 Bd4 82. Ke6 Bg1 { Game drawn by repetition } 1/2-1/2

[Event "ICC tourney 2163 (75 10)"]
[Site "Internet Chess Club"]
[Date "2020.11.28"]
[Round "4"]
[White "BlueJay01"]
[Black "helavir"]
[Result "0-1"]
[ICCResult "White resigns"]
[WhiteElo "2094"]
[BlackElo "2633"]
[Opening "English opening"]
[ECO "A13"]
[NIC "EO.64"]
[Time "11:04:21"]
[PlyCount "34"]
[TimeControl "4500+10"]


1. c4 e6 2. g3 d5 3. Bg2 c6 4. Nf3 dxc4 5. a4 Na6 6. Na3 Qd5 7. O-O Nb4 8.
Ne1 Qc5 9. Nec2 e5 10. Nxb4 Qxb4 11. Qc2 Be6 12. Rd1 Nf6 13. e3 Rd8 14. Bf1
Qb3 15. Qxb3 cxb3 16. d3 Bg4 17. Re1 Bb4 { White resigns } 0-1

[Event "ICC tourney 2163 (75 10)"]
[Site "Internet Chess Club"]
[Date "2020.11.28"]
[Round "4"]
[White "Terry1234"]
[Black "Openyagami"]
[Result "1-0"]
[ICCResult "Black resigns"]
[WhiteElo "2285"]
[BlackElo "2593"]
[Opening "Grünfeld: modern exchange variation"]
[ECO "D85"]
[NIC "GI.04"]
[Time "11:03:34"]
[PlyCount "99"]
[TimeControl "4500+10"]


1. d4 Nf6 2. c4 g6 3. Nc3 d5 4. cxd5 Nxd5 5. e4 Nxc3 6. bxc3 Bg7 7. Nf3 c5
8. Rb1 O-O 9. Be2 b6 10. O-O Bb7 11. Qd3 Re8 12. Be3 Nd7 13. Nd2 e6 14. e5
Rc8 15. Ne4 Bf8 16. a4 Bc6 17. Ra1 Qh4 18. Ng5 Be7 19. g3 Qh6 20. h4 Qg7
21. Bf3 Nb8 22. a5 cxd4 23. cxd4 Bxf3 24. Nxf3 Nc6 25. axb6 axb6 26. Qb5
Nb4 27. Qxb6 Nd5 28. Qb3 Rc3 29. Qb2 Qf8 30. Ng5 Rec8 31. Rfc1 Rb8 32. Qe2
Rcb3 33. Ne4 Nxe3 34. fxe3 Qh6 35. Rc3 Rxc3 36. Nxc3 g5 37. h5 g4 38. Qxg4+
Kh8 39. Qf3 Bg5 40. Nd1 Qf8 41. Ra7 Kg8 42. Nf2 Rb3 43. Ra8 Rb8 44. Ra7 Rb3
45. Ra8 Rb8 46. Rxb8 Qxb8 47. Ne4 h6 48. Kg2 Qb1 49. Nxg5 hxg5 50. Kh3 {
Black resigns } 1-0

[Event "ICC tourney 2163 (75 10)"]
[Site "Internet Chess Club"]
[Date "2020.11.28"]
[Round "4"]
[White "KRASAVCHIK"]
[Black "Kalmyk"]
[Result "0-1"]
[ICCResult "White resigns"]
[WhiteElo "2648"]
[BlackElo "2763"]
[Opening "Sicilian: closed, 2...Nc6"]
[ECO "B23"]
[NIC "SI.44"]
[Time "11:03:36"]
[PlyCount "76"]
[TimeControl "4500+10"]


1. e4 c5 2. Nc3 Nc6 3. Bb5 Nd4 4. Nf3 a6 5. Bd3 g6 6. O-O Bg7 7. Rb1 Nc6 8.
a3 b5 9. b4 d6 10. Re1 Bg4 11. Be2 e6 12. bxc5 dxc5 13. e5 Bf5 14. h3 h5
15. d3 Nge7 16. Bf1 Qc7 17. a4 b4 18. Ne4 Nxe5 19. Bf4 Bxe4 20. Rxe4 Nxf3+
21. Qxf3 Qc6 22. Be3 a5 23. d4 c4 24. d5 exd5 25. Bxc4 O-O 26. Rxe7 Qxc4
27. Rd1 d4 28. Qe4 Rac8 29. Bf4 Qxc2 30. Qxc2 Rxc2 31. Ra7 Re8 32. Rxa5
Ree2 33. Rf1 d3 34. Rd5 d2 35. a5 Ra2 36. Kh2 Bc3 37. Rd1 Rxf2 38. Be5 Kh7
{ White resigns } 0-1

[Event "ICC tourney 2163 (75 10)"]
[Site "Internet Chess Club"]
[Date "2020.11.28"]
[Round "4"]
[White "Blue-Elephant1"]
[Black "RajeshCS"]
[Result "1-0"]
[ICCResult "Black resigns"]
[WhiteElo "2113"]
[BlackElo "2310"]
[Opening "QGD: exchange, positional line"]
[ECO "D35"]
[NIC "QO.16"]
[Time "11:03:39"]
[PlyCount "115"]
[TimeControl "4500+10"]


1. d4 Nf6 2. c4 e6 3. Nc3 d5 4. cxd5 exd5 5. Bg5 Be7 6. e3 c6 7. Bd3 O-O 8.
Nge2 Re8 9. Qc2 Nbd7 10. O-O Nf8 11. Rab1 a5 12. a3 Ne4 13. Bxe7 Qxe7 14.
Bxe4 dxe4 15. b4 axb4 16. axb4 Qh4 17. Ng3 f5 18. Ra1 Be6 19. b5 Qf6 20.
bxc6 bxc6 21. Na4 Ra6 22. Nc5 Rxa1 23. Rxa1 Bd5 24. Ra7 g6 25. Qb1 Re7 26.
Ra8 Qd6 27. Ne2 Kg7 28. Nc3 Bf7 29. Qb6 Nd7 30. Nxd7 Qxd7 31. g3 Qb7 32.
Ra6 Qxb6 33. Rxb6 Rc7 34. Kg2 Bc4 35. Rb4 Bf7 36. Na4 Ra7 37. Nc5 Bd5 38.
Rb7+ Rxb7 39. Nxb7 Bc4 40. Nc5 Kf6 41. h3 Bd5 42. Nd7+ Ke6 43. Nf8+ Kd6 44.
Nxh7 c5 45. dxc5+ Kxc5 46. Nf6 Bf7 47. f3 exf3+ 48. Kxf3 Kd6 49. Kf4 Ke7
50. Nh7 Ke6 51. Ng5+ Kf6 52. Nxf7 Kxf7 53. Kg5 Kg7 54. g4 fxg4 55. hxg4 Kf7
56. e4 Kg7 57. e5 Kf7 58. Kh6 { Black resigns } 1-0

[Event "ICC tourney 2163 (75 10)"]
[Site "Internet Chess Club"]
[Date "2020.11.28"]
[Round "4"]
[White "TjkTiger"]
[Black "dopolian"]
[Result "1-0"]
[ICCResult "Black resigns"]
[WhiteElo "2605"]
[BlackElo "2269"]
[Opening "English: symmetrical, Rubinstein system"]
[ECO "A16"]
[NIC "EO.37"]
[Time "11:04:28"]
[PlyCount "127"]
[TimeControl "4500+10"]


1. c4 Nf6 2. Nc3 c5 3. g3 d5 4. cxd5 Nxd5 5. Bg2 Nc7 6. d3 e5 7. Be3 Be7 8.
Rc1 Nba6 9. Nf3 f6 10. Nd2 Rb8 11. a4 O-O 12. Nb5 Ra8 13. O-O Nd5 14. Qb3
Be6 15. Nc3 Nab4 16. Nxd5 Nxd5 17. Bxc5 Nf4 18. Qd1 Nxg2 19. Bxe7 Qxe7 20.
Kxg2 Rac8 21. Rc3 Rxc3 22. bxc3 Qa3 23. Qa1 Qc5 24. Qb2 Qc6+ 25. f3 b6 26.
Ra1 f5 27. a5 b5 28. Qb4 Rc8 29. Ra3 a6 30. c4 bxc4 31. dxc4 Qc5 32. Qxc5
Rxc5 33. Kf2 f4 34. Ra4 Kf8 35. e3 Ke7 36. gxf4 exf4 37. exf4 Kd7 38. Ke3
Rh5 39. Ne4 Kc6 40. Kd4 Rf5 41. Ra2 g6 42. Ra1 Bc8 43. Ke3 Rh5 44. Ra2 Rf5
45. c5 Rh5 46. Rb2 Kc7 47. Rb6 Rxh2 48. Nf6 Ra2 49. Nd5+ Kd8 50. Rb8 Rxa5
51. Kd4 Ra4+ 52. Ke5 Rc4 53. Rxc8+ Kxc8 54. Nb6+ Kc7 55. Nxc4 h5 56. f5
gxf5 57. Na5 h4 58. Kf4 Kd7 59. Ke3 Ke6 60. Kf2 Kd5 61. c6 Kd6 62. Kg2 Kc7
63. Kh3 Kb6 64. Kxh4 { Black resigns } 1-0

[Event "ICC tourney 2163 (75 10)"]
[Site "Internet Chess Club"]
[Date "2020.11.28"]
[Round "4"]
[White "dpomerantz135"]
[Black "binomialfactor"]
[Result "1/2-1/2"]
[ICCResult "Game drawn by mutual agreement"]
[WhiteElo "2238"]
[BlackElo "2171"]
[Opening "Sicilian: Nimzovich-Rossolimo attack (with ...g6, without ...d6)"]
[ECO "B31"]
[NIC "SI.31"]
[Time "11:04:00"]
[PlyCount "150"]
[TimeControl "4500+10"]


1. e4 c5 2. Nf3 Nc6 3. Bb5 g6 4. O-O Bg7 5. Re1 Qc7 6. Nc3 e6 7. Bxc6 dxc6
8. e5 Ne7 9. d3 O-O 10. Bf4 Nd5 11. Bg3 Nxc3 12. bxc3 b5 13. Ng5 Rd8 14.
Ne4 c4 15. d4 h5 16. Qd2 Qe7 17. Qf4 Qf8 18. Bh4 Rd7 19. Bf6 Rc7 20. Re3 c5
21. Rg3 cxd4 22. Bxg7 Kxg7 23. cxd4 Bb7 24. Nf6 Qh8 25. Nxh5+ Qxh5 26. Qf6+
Kh7 27. Rh3 Qxh3 28. gxh3 Rd7 29. f3 Rg8 30. Qf4 Bd5 31. Kf2 Kg7 32. c3 Rh8
33. Qg4 Rh5 34. a4 bxa4 35. Rxa4 Rf5 36. Rb4 Rb7 37. Rxb7 Bxb7 38. f4 a5
39. Ke3 Bd5 40. Kd2 Rh5 41. h4 a4 42. Kc2 Bc6 43. Kb2 Rh8 44. Ka2 Rh5 45.
Ka3 Rh8 46. Qg5 Rh5 47. Qf6+ Kg8 48. Qd8+ Kg7 49. Kb4 Bd5 50. Kxa4 Rf5 51.
Kb4 Rxf4 52. h5 Rf5 53. hxg6 fxg6 54. h4 Rf3 55. h5 gxh5 56. Qg5+ Kf7 57.
Qxh5+ Ke7 58. Qh7+ Kf8 59. Qa7 Rf7 60. Qb8+ Kg7 61. Kc5 Rf3 62. Qb4 Kg6 63.
Kd6 Kf5 64. Qb1+ Kf4 65. Qc1+ Kf5 66. Qd2 Ke4 67. Kc5 Rd3 68. Qe1+ Re3 69.
Qh4+ Kd3 70. Kb4 Re2 71. Qg3+ Re3 72. Qg6+ Kd2 73. Qg5 Kd3 74. Qf4 Re2 75.
Qg3+ Re3 { Game drawn by mutual agreement } 1/2-1/2

[Event "ICC tourney 2163 (75 10)"]
[Site "Internet Chess Club"]
[Date "2020.11.28"]
[Round "4"]
[White "josuevm"]
[Black "shianen"]
[Result "1/2-1/2"]
[ICCResult "Game drawn because neither player has mating material"]
[WhiteElo "2272"]
[BlackElo "2197"]
[Opening "French: exchange variation"]
[ECO "C01"]
[NIC "FR.01"]
[Time "11:03:31"]
[PlyCount "115"]
[TimeControl "4500+10"]


1. e4 e6 2. d4 d5 3. exd5 exd5 4. Bd3 c5 5. Qe2+ Qe7 6. dxc5 Qxe2+ 7. Nxe2
Bxc5 8. Nbc3 Be6 9. Nb5 Kd7 10. a3 Nc6 11. b4 Be7 12. Bb2 Bf6 13. Nbd4 Ne5
14. O-O-O Ne7 15. f4 Nxd3+ 16. Rxd3 g6 17. Re1 Rhe8 18. Nb3 Bxb2+ 19. Kxb2
Kc7 20. Ned4 Nc6 21. Rde3 Nxd4 22. Nxd4 Bd7 23. g4 h6 24. h4 Kd6 25. Rxe8
Rxe8 26. Rxe8 Bxe8 27. g5 hxg5 28. hxg5 Ke7 29. Kc3 f6 30. gxf6+ Kxf6 31.
Kd3 Ke7 32. Ke3 Bd7 33. c3 a6 34. Nf3 Bf5 35. Kd4 Kd6 36. Ne5 b6 37. Ke3
Bc2 38. Nf3 Bf5 39. Nd4 Ke7 40. Kf3 Kf6 41. Ke3 Ke7 42. Ne2 Kd6 43. Nd4 Ke7
44. Nc6+ Kd6 45. Ne5 Ke6 46. c4 Kd6 47. Kd4 dxc4 48. Kxc4 Be6+ 49. Kd4 Bf5
50. a4 a5 51. bxa5 bxa5 52. Nc4+ Ke6 53. Kc5 Bc2 54. Kb5 Bxa4+ 55. Kxa4 Kf5
56. Ne5 Kxf4 57. Nxg6+ Kg5 58. Kxa5 { Game drawn because neither player has
mating material } 1/2-1/2

[Event "ICC tourney 2163 (75 10)"]
[Site "Internet Chess Club"]
[Date "2020.11.28"]
[Round "4"]
[White "creepycrawlies"]
[Black "NightMovesTN"]
[Result "1-0"]
[ICCResult "Black resigns"]
[WhiteElo "2159"]
[BlackElo "2394"]
[Opening "Modern defense"]
[ECO "A40"]
[NIC "QO.17"]
[Time "11:03:38"]
[PlyCount "141"]
[TimeControl "4500+10"]


1. d4 g6 2. Nf3 Bg7 3. c4 d6 4. g3 c6 5. Bg2 Qb6 6. Nc3 Bg4 7. e3 Nf6 8.
O-O O-O 9. h3 Bf5 10. Re1 Ne4 11. Na4 Qa6 12. Nh4 Qxc4 13. g4 Nxf2 14. Qb3
Qxb3 15. axb3 Nd3 16. Rd1 Nxc1 17. Rdxc1 Be6 18. Nb6 Nd7 19. Nxa8 Rxa8 20.
b4 Bh6 21. Kf2 Nb6 22. b5 Nc4 23. Rc3 cxb5 24. Bxb7 Rb8 25. Rxa7 Nxb2 26.
Ke2 Bc4+ 27. Kd2 Na4 28. Ra3 e6 29. Ra8 Rxa8 30. Bxa8 d5 31. Ra1 f6 32. Bc6
Bf8 33. Rb1 Nb6 34. Bxb5 Bxb5 35. Rxb5 Nc4+ 36. Kd3 Nd6 37. Rb6 Kf7 38. Nf3
g5 39. Nd2 f5 40. Nf3 Be7 41. Ne5+ Kf6 42. Ke2 fxg4 43. hxg4 Kg7 44. Ra6
Kf6 45. Kf3 Ne4 46. Ra7 Nd2+ 47. Ke2 Ne4 48. Nc6 Bd6 49. Rxh7 Kg6 50. Rd7
Kf6 51. Nd8 Be7 52. Nc6 Bd6 53. Ra7 Bh2 54. Nd8 Bd6 55. Rf7+ Kg6 56. Rf3
Nf6 57. Nxe6 Nxg4 58. Nf8+ Kg7 59. Nd7 Kg6 60. Nf8+ Kg7 61. Rf5 Nf6 62. Nd7
Ne4 63. Kf3 Nd2+ 64. Kg2 Nc4 65. Kf2 g4 66. Rxd5 g3+ 67. Kf3 Nd2+ 68. Ke2
Be7 69. Re5 Bh4 70. Rc5 Nb3 71. Rc7 { Black resigns } 1-0

[Event "ICC tourney 2163 (75 10)"]
[Site "Internet Chess Club"]
[Date "2020.11.28"]
[Round "4"]
[White "nithin"]
[Black "SkyAngel"]
[Result "0-1"]
[ICCResult "White checkmated"]
[WhiteElo "2250"]
[BlackElo "2189"]
[Opening "QGA, Janowsky-Larsen variation"]
[ECO "D25"]
[NIC "QG.06"]
[Time "11:03:42"]
[PlyCount "100"]
[TimeControl "4500+10"]


1. Nf3 d5 2. d4 Nf6 3. c4 dxc4 4. e3 Bg4 5. Bxc4 e6 6. Nc3 Nbd7 7. O-O Bb4
8. a3 Bxc3 9. bxc3 O-O 10. Qc2 Nb6 11. Bd3 Bxf3 12. gxf3 Qd5 13. e4 Qh5 14.
Qe2 e5 15. dxe5 Qxe5 16. f4 Qh5 17. f3 Na4 18. f5 Nc5 19. Bc4 Rfe8 20. Qg2
Ncxe4 21. Kh1 Nd6 22. Rg1 Nxf5 23. Bg5 Nd7 24. Bd3 Nd6 25. Bd8 g6 26. Bxc7
Nf5 27. Rab1 Nc5 28. Be2 b6 29. Rbe1 Rac8 30. Bf4 Qh4 31. Bg5 Qa4 32. Qh3
Qd7 33. Bf6 Qe6 34. Bb5 Qxe1 35. Bxe8 Qe6 36. Bxf7+ Qxf7 37. Bd4 Re8 38.
Qg4 Nxd4 39. cxd4 Ne6 40. Re1 Ng7 41. Rd1 Qf5 42. Qg3 Qc2 43. Qg1 Re2 44.
Rf1 Nf5 45. d5 Rd2 46. Re1 Re2 47. Rf1 Qd2 48. d6 Qxd6 49. Rc1 Ne7 50. Qf1
Qxh2# { White checkmated } 0-1

[Event "ICC tourney 2163 (75 10)"]
[Site "Internet Chess Club"]
[Date "2020.11.28"]
[Round "4"]
[White "GGuseinov"]
[Black "Gukesh"]
[Result "1/2-1/2"]
[ICCResult "Game drawn because neither player has mating material"]
[WhiteElo "2715"]
[BlackElo "2613"]
[Opening "Caro-Kann: Tartakower (Nimzovich) variation"]
[ECO "B15"]
[NIC "CK.06"]
[Time "11:03:41"]
[PlyCount "204"]
[TimeControl "4500+10"]


1. e4 c6 2. d4 d5 3. Nc3 dxe4 4. Nxe4 Nf6 5. Nxf6+ exf6 6. c3 Bd6 7. Bd3
O-O 8. Ne2 Re8 9. O-O f5 10. Bf4 g6 11. Bxd6 Qxd6 12. Qd2 Nd7 13. Qf4 Qxf4
14. Nxf4 Nf6 15. Bc4 Bd7 16. a4 Ne4 17. Rfe1 Nd6 18. Ba2 Rxe1+ 19. Rxe1 Re8
20. Rxe8+ Bxe8 21. f3 Kf8 22. Nd3 Ke7 23. Kf2 g5 24. g3 f6 25. Ke3 a5 26.
Nc5 b6 27. Nd3 h6 28. b4 axb4 29. Nxb4 Nb7 30. Kd2 Kd6 31. Nc2 Bd7 32. Ne3
Kc7 33. Bb1 Nd6 34. Bd3 Be6 35. f4 c5 36. h4 Kb7 37. Kc1 Kc7 38. Kb2 Kb7
39. Ka3 Kc7 40. Bb1 Kc6 41. Bc2 Nc4+ 42. Nxc4 Bxc4 43. dxc5 Kxc5 44. Bxf5
Bd5 45. Bd3 Bc6 46. Kb3 Bd5+ 47. Kb2 Bc6 48. Ka3 Bd7 49. Ba6 Bc6 50. Kb3
Bd5+ 51. Kc2 Bc6 52. Bb5 Bxb5 53. axb5 Kxb5 54. Kd3 gxh4 55. gxh4 Kc5 56.
Ke4 Kc4 57. Kf5 Kxc3 58. Kxf6 b5 59. f5 b4 60. Kg7 b3 61. f6 b2 62. f7 b1=Q
63. f8=Q Qb6 64. h5 Qe6 65. Kh7 Kc4 66. Qf3 Kd4 67. Kg7 Ke5 68. Qg3+ Kd5
69. Qg6 Qe3 70. Kh7 Qf4 71. Qg8+ Kc5 72. Qe6 Qf8 73. Kg6 Kd4 74. Qb6+ Kd5
75. Qb5+ Kd4 76. Qb2+ Kd5 77. Qd2+ Ke6 78. Qe3+ Kd5 79. Qb3+ Ke5 80. Qb5+
Ke6 81. Qc6+ Ke5 82. Qc3+ Ke6 83. Qe3+ Kd5 84. Qe2 Qd6+ 85. Kh7 Qf8 86. Qa6
Ke5 87. Qg6 Kd5 88. Qb6 Ke5 89. Qc7+ Ke6 90. Qg3 Kd5 91. Qd3+ Ke5 92. Qe3+
Kd5 93. Qd2+ Ke5 94. Qb2+ Kd5 95. Qc3 Ke6 96. Qc6+ Ke5 97. Kg6 Qf5+ 98. Kg7
Qg5+ 99. Qg6 Kf4 100. Kh7 Kg4 101. Qxh6 Qxh5 102. Qxh5+ Kxh5 { Game drawn
because neither player has mating material } 1/2-1/2

[Event "ICC tourney 2163 (75 10)"]
[Site "Internet Chess Club"]
[Date "2020.11.28"]
[Round "5"]
[White "Kalmyk"]
[Black "NyzhnykIllia"]
[Result "1/2-1/2"]
[ICCResult "Game drawn by mutual agreement"]
[WhiteElo "2763"]
[BlackElo "2729"]
[Opening "Petrov: Nimzovich attack"]
[ECO "C42"]
[NIC "RG.03"]
[Time "14:47:51"]
[PlyCount "27"]
[TimeControl "4500+10"]


1. e4 e5 2. Nf3 Nf6 3. Nxe5 d6 4. Nf3 Nxe4 5. Nc3 Nxc3 6. dxc3 Be7 7. Bf4
O-O 8. Qd2 Nd7 9. O-O-O Nf6 10. h4 Bg4 11. Be2 Re8 12. Ng5 Bxe2 13. Qxe2 d5
14. Qf3 { Game drawn by mutual agreement } 1/2-1/2

[Event "ICC tourney 2163 (75 10)"]
[Site "Internet Chess Club"]
[Date "2020.11.28"]
[Round "5"]
[White "lmperatorX"]
[Black "mhebden"]
[Result "1-0"]
[ICCResult "Black resigns"]
[WhiteElo "2113"]
[BlackElo "2503"]
[Opening "Two knights defense (Modern bishop's opening)"]
[ECO "C55"]
[NIC "IG.01"]
[Time "14:48:35"]
[PlyCount "111"]
[TimeControl "4500+10"]


1. e4 e5 2. Nf3 Nc6 3. Bc4 Nf6 4. d3 Be7 5. O-O d6 6. a4 O-O 7. a5 a6 8.
Re1 Be6 9. Nbd2 Qd7 10. c3 Rfe8 11. Bxe6 Qxe6 12. Nf1 d5 13. Ng3 dxe4 14.
dxe4 Rad8 15. Qc2 Bc5 16. Be3 Bxe3 17. Rxe3 Qc4 18. Qa4 Qxa4 19. Rxa4 Rd1+
20. Re1 Red8 21. Kf1 g6 22. Rxd1 Rxd1+ 23. Ke2 Rb1 24. Ra2 Nd7 25. Kd2 Nc5
26. Kc2 Rf1 27. Nxf1 Nxe4 28. b4 Nxf2 29. Kb3 Nd3 30. Kc4 e4 31. Nd4 Nce5+
32. Kd5 f5 33. g3 Kf7 34. Ne2 Ke7 35. Kd4 Kd6 36. Nf4 c5+ 37. bxc5+ Nxc5
38. c4 g5 39. Nd5 Ne6+ 40. Kc3 Kc5 41. Ne7 Nxc4 42. Nxf5 Nc7 43. Nd2 Nb5+
44. Kc2 Nbd6 45. Nxd6 Nxd6 46. Ra4 Kd5 47. Kd1 e3 48. Nf3 g4 49. Rxg4 Nc4
50. Ke2 Kc5 51. Rg7 Nxa5 52. Rxh7 b5 53. g4 b4 54. Rh5+ Kb6 55. Kxe3 b3 56.
Kd3 { Black resigns } 1-0

[Event "ICC tourney 2163 (75 10)"]
[Site "Internet Chess Club"]
[Date "2020.11.28"]
[Round "5"]
[White "Terry1234"]
[Black "Aleksandrov73"]
[Result "0-1"]
[ICCResult "White resigns"]
[WhiteElo "2285"]
[BlackElo "2634"]
[Opening "Catalan: open, 5.Nf3"]
[ECO "E04"]
[NIC "CA.03"]
[Time "14:48:46"]
[PlyCount "90"]
[TimeControl "4500+10"]


1. d4 Nf6 2. c4 e6 3. g3 d5 4. Nf3 dxc4 5. Bg2 Nc6 6. Qa4 Bb4+ 7. Bd2 Bd6
8. Qxc4 e5 9. dxe5 Nxe5 10. Nxe5 Bxe5 11. Qb5+ Nd7 12. O-O c6 13. Qb3 Qb6
14. Bc3 O-O 15. Nd2 Bxc3 16. Qxc3 a5 17. Nc4 Qc5 18. Rfd1 Nb6 19. Nxb6 Qxb6
20. Qd4 Qxd4 21. Rxd4 Be6 22. a3 Rfd8 23. Rad1 Rxd4 24. Rxd4 Kf8 25. f4 Ke7
26. e4 f6 27. Kf2 c5 28. Rd2 Rb8 29. Ke3 b5 30. e5 fxe5 31. fxe5 b4 32.
axb4 Rxb4 33. Bd5 a4 34. h4 h6 35. Bc6 Rb3+ 36. Kf4 c4 37. Bd5 Rb4 38. Ke3
Rb5 39. Bxe6 Kxe6 40. Rc2 Kxe5 41. Rxc4 Rb3+ 42. Kf2 Rxb2+ 43. Kf3 a3 44.
Ra4 a2 45. Kg4 Rb4+ { White resigns } 0-1

[Event "ICC tourney 2163 (75 10)"]
[Site "Internet Chess Club"]
[Date "2020.11.28"]
[Round "5"]
[White "dopolian"]
[Black "shianen"]
[Result "1-0"]
[ICCResult "Black resigns"]
[WhiteElo "2269"]
[BlackElo "2197"]
[Opening "French: Tarrasch, closed variation"]
[ECO "C05"]
[NIC "FR.16"]
[Time "14:47:50"]
[PlyCount "67"]
[TimeControl "4500+10"]


1. e4 e6 2. d4 d5 3. Nd2 Nf6 4. e5 Nfd7 5. f4 c5 6. c3 Nc6 7. Ndf3 cxd4 8.
cxd4 Bb4+ 9. Kf2 f6 10. g3 O-O 11. Kg2 Nb6 12. Bd3 Bd7 13. Ne2 Nc8 14. Qc2
h6 15. g4 Be7 16. a3 Rb8 17. h4 f5 18. gxf5 exf5 19. Ng3 g6 20. h5 Qe8 21.
hxg6 Qxg6 22. Be3 Nb6 23. Rh5 Rf7 24. Kf2 Rc8 25. Qe2 Rg7 26. Rg1 Rf8 27.
Nxf5 Qxh5 28. Rxg7+ Kh8 29. Rh7+ Kxh7 30. Ng3+ Qg6 31. Bxg6+ Kxg6 32. Nh4+
Bxh4 33. Qh5+ Kg7 34. Qxh4 { Black resigns } 1-0

[Event "ICC tourney 2163 (75 10)"]
[Site "Internet Chess Club"]
[Date "2020.11.28"]
[Round "5"]
[White "SkyAngel"]
[Black "MiamiBoy"]
[Result "0-1"]
[ICCResult "White resigns"]
[WhiteElo "2189"]
[BlackElo "2251"]
[Opening "Ruy Lopez: closed defense"]
[ECO "C84"]
[NIC "RL.13"]
[Time "14:47:53"]
[PlyCount "96"]
[TimeControl "4500+10"]


1. e4 e5 2. Nf3 Nc6 3. Bb5 a6 4. Ba4 Nf6 5. O-O Be7 6. d3 b5 7. Bb3 O-O 8.
Nc3 d6 9. a3 Bg4 10. Be3 Nd4 11. Bxd4 exd4 12. Nd5 c5 13. h3 Be6 14. Nxf6+
Bxf6 15. Bxe6 fxe6 16. Qe2 Be7 17. Nh2 e5 18. Qg4 Qc8 19. g3 Qxg4 20. Nxg4
c4 21. f4 exf4 22. gxf4 Rac8 23. Rac1 h5 24. Nh2 g5 25. f5 Bf6 26. Kf2 Kf7
27. Ke2 Rfe8 28. Kf2 Be5 29. Nf3 Bf4 30. Rce1 cxd3 31. cxd3 Rc2+ 32. Kg1
Be3+ 33. Rxe3 dxe3 34. Nxg5+ Kf6 35. h4 Rec8 36. Re1 Rxb2 37. Kf1 Rf2+ 38.
Kg1 Rd2 39. d4 Rxd4 40. Rxe3 Rd2 41. Re1 Rcc2 42. Nf3 Rg2+ 43. Kh1 Rg3 44.
Nd4 Rh3+ 45. Kg1 Rch2 46. Nf3 Rh1+ 47. Kg2 Rxe1 48. Nxe1 Rxa3 { White
resigns } 0-1

[Event "ICC tourney 2163 (75 10)"]
[Site "Internet Chess Club"]
[Date "2020.11.28"]
[Round "5"]
[White "NightMovesTN"]
[Black "BlueJay01"]
[Result "1/2-1/2"]
[ICCResult "Game drawn by mutual agreement"]
[WhiteElo "2394"]
[BlackElo "2094"]
[Opening "QGD semi-Slav: Stoltz variation"]
[ECO "D45"]
[NIC "SL.08"]
[Time "14:48:17"]
[PlyCount "40"]
[TimeControl "4500+10"]


1. d4 d5 2. Nf3 Nf6 3. c4 c6 4. Nc3 e6 5. e3 Nbd7 6. Qc2 Be7 7. Bd2 O-O 8.
Bd3 b6 9. Ne5 Bb7 10. cxd5 cxd5 11. g4 Nxe5 12. dxe5 Nxg4 13. Bxh7+ Kh8 14.
Qd1 f5 15. exf6 Nxf6 16. Bd3 d4 17. Rg1 dxc3 18. Bxc3 Qd5 19. Qe2 Rfd8 20.
O-O-O Rac8 { Game drawn by mutual agreement } 1/2-1/2

[Event "ICC tourney 2163 (75 10)"]
[Site "Internet Chess Club"]
[Date "2020.11.28"]
[Round "5"]
[White "Blue-Elephant1"]
[Black "KRASAVCHIK"]
[Result "0-1"]
[ICCResult "White resigns"]
[WhiteElo "2113"]
[BlackElo "2648"]
[Opening "Nimzo-Indian: Kmoch variation"]
[ECO "E20"]
[NIC "NI.30"]
[Time "14:47:56"]
[PlyCount "64"]
[TimeControl "4500+10"]


1. d4 Nf6 2. c4 e6 3. Nc3 Bb4 4. f3 d5 5. a3 Be7 6. e4 dxe4 7. fxe4 e5 8.
d5 O-O 9. Nf3 Bg4 10. Be2 Bxf3 11. Bxf3 Bc5 12. Qd3 Bd4 13. Ne2 c5 14. Nxd4
exd4 15. e5 Re8 16. O-O Rxe5 17. b4 b6 18. bxc5 bxc5 19. Bf4 Nbd7 20. Bxe5
Nxe5 21. Qc2 Qd6 22. Rae1 g6 23. Be2 Kg7 24. Qd2 Re8 25. Qf4 Re7 26. g4 h6
27. Kg2 Nxc4 28. Bxc4 Qxf4 29. Rxe7 Qxg4+ 30. Kh1 d3 31. Bxd3 Qd4 32. Be4
Kf8 { White resigns } 0-1

[Event "ICC tourney 2163 (75 10)"]
[Site "Internet Chess Club"]
[Date "2020.11.28"]
[Round "5"]
[White "jy2020"]
[Black "nithin"]
[Result "1/2-1/2"]
[ICCResult "Game drawn by mutual agreement"]
[WhiteElo "2218"]
[BlackElo "2250"]
[Opening "Sicilian: Najdorf, Opocensky variation"]
[ECO "B92"]
[NIC "SI.10"]
[Time "14:47:55"]
[PlyCount "85"]
[TimeControl "4500+10"]


1. e4 c5 2. Nf3 d6 3. d4 cxd4 4. Nxd4 Nf6 5. Nc3 a6 6. Be2 e5 7. Nf3 h6 8.
O-O Be7 9. Nd2 O-O 10. Bf3 Nc6 11. Nb3 Be6 12. Re1 Rc8 13. Nd5 Bxd5 14.
exd5 Na5 15. Nxa5 Qxa5 16. c3 Nh7 17. Be2 Bg5 18. Bxg5 Nxg5 19. h4 Nh7 20.
c4 f5 21. a3 Qd8 22. g3 Nf6 23. Rc1 Qb6 24. Bd3 e4 25. Bf1 Ng4 26. Qe2 Ne5
27. Qe3 Qd8 28. Be2 f4 29. Qxe4 fxg3 30. fxg3 Qb6+ 31. Kh1 Qxb2 32. Rf1
Qxa3 33. Kg2 Rfe8 34. Bh5 Red8 35. Qf5 b5 36. Qe6+ Kh8 37. Rc2 Rxc4 38.
Rcf2 Rcc8 39. Rf6 Qe3 40. R1f4 Qd3 41. Rxh6+ gxh6 42. Qf6+ Kg8 43. Qe6+ {
Game drawn by mutual agreement } 1/2-1/2

[Event "ICC tourney 2163 (75 10)"]
[Site "Internet Chess Club"]
[Date "2020.11.28"]
[Round "5"]
[White "pandaexpress"]
[Black "PawnEatingZombi"]
[Result "1-0"]
[ICCResult "Black resigns"]
[WhiteElo "2420"]
[BlackElo "2219"]
[Opening "English opening"]
[ECO "A13"]
[NIC "EO.64"]
[Time "14:47:53"]
[PlyCount "61"]
[TimeControl "4500+10"]


1. c4 e6 2. g3 d5 3. Bg2 dxc4 4. Qc2 c6 5. a4 e5 6. Nf3 Nd7 7. O-O Ngf6 8.
Na3 Bxa3 9. Rxa3 a5 10. Qxc4 O-O 11. Rd1 Qe7 12. d3 h6 13. Bd2 Re8 14. h3
Nd5 15. e4 Nb4 16. Be3 Qf6 17. d4 b6 18. Qc3 c5 19. dxe5 Qe7 20. Bf4 Bb7
21. Nh4 g5 22. Nf5 Qe6 23. Rd6 gxf4 24. Rxe6 Rxe6 25. gxf4 Kh7 26. Qd2 Bc6
27. Rg3 Rg8 28. Rxg8 Kxg8 29. Qe2 Kh7 30. Qh5 Rg6 31. Ne7 { Black resigns }
1-0